 Dungeon Crawl Stone Soup version 0.20-a0-1058-g0491fde (webtiles) character file.

7548 Gorglomux the Destroyer (level 10, -1/56 HPs)
             Began as a Deep Elf Fire Elementalist on Apr 26, 2017.
             Was a High Priest of Cheibriados.
             Slain by a hornet (11 damage)
             ... on level 9 of the Dungeon.
             The game lasted 00:26:23 (11535 turns).

Gorglomux the Destroyer (DEFE)                     Turns: 11535, Time: 00:26:24

Health: -1/56      AC: 13    Str: 21    XL:     10   Next: 96%
Magic:  1/24       EV: 15    Int: 38    God:    Cheibriados [*****.]
Gold:   77         SH:  0    Dex: 29    Spells: 9/25 levels left

rFire    + . .     SeeInvis .   H - +2 dagger (elec)
rCold    . . .     Gourm    +   (no shield)
rNeg     . . .     Faith    .   L - +0 chain mail
rPois    .         Spirit   .   (helmet restricted)
rElec    .         Reflect  .   (no cloak)
rCorr    .         Harm     .   (no gloves)
MR       ++...                  N - +2 pair of boots
Stlth    ..........             v - amulet of the gourmand {Gourm, !d}
Regen    0.2/turn               r - +5 ring of evasion
MPRegen  0.2/turn               i - ring of protection from magic {MR+, !d}

@: lethally poisoned (-1 -> -21), slowed, very slow
A: antennae 1, blink, fire resistance 1, strong 1
a: Blink, Bend Time, Temporal Distortion, Slouch, Step From Time, Renounce
Religion


You were on level 9 of the Dungeon.
You worshipped Cheibriados.
Cheibriados was extremely pleased with you.
You were full.

You visited 1 branch of the dungeon, and saw 9 of its levels.
You also visited: Ossuary.

You collected 365 gold pieces.
You spent 288 gold pieces at shops.

Inventory:

Hand Weapons
 H - a +2 dagger of electrocution (weapon)
   (You took it off an orc wizard on level 6 of the Dungeon)
Missiles
 a - 6 tomahawks of dispersal {=f}
Armour
 L - a +0 chain mail (worn)
   (You took it off an orc warrior on level 8 of the Dungeon)
 N - a +2 pair of boots (worn)
   (You found it on level 7 of the Dungeon)
Magical Staves
 u - an uncursed staff of power {MP+17, !a}
   (You found it on level 8 of the Dungeon)
Jewellery
 i - a ring of protection from magic (right hand) {MR+, !d}
   (You found it on level 1 of the Dungeon)
 r - a +5 ring of evasion (left hand)
   (You found it on level 6 of the Dungeon)
 v - an amulet of the gourmand (around neck) {Gourm, !d}
   (You found it on level 4 of the Dungeon)
 K - a -4 ring of evasion
   (You took it off a centaur on level 7 of the Dungeon)
Wands
 l - a wand of lightning (5/15)
   (You found it on level 5 of the Dungeon)
 y - a wand of iceblast (3/15)
   (You found it on level 4 of the Dungeon)
 C - a wand of iceblast (5/15)
   (You found it in an ossuary)
 I - a wand of polymorph (1/24)
   (You found it on level 7 of the Dungeon)
 J - a wand of disintegration (5/24)
   (You took it off Pikel on level 7 of the Dungeon)
Scrolls
 d - 5 scrolls of teleportation
 e - a scroll of enchant weapon {unknown}
 g - 5 scrolls of identify
 h - a scroll of immolation {unknown}
 j - 2 scrolls of remove curse
 k - 2 scrolls of enchant armour {unknown}
 m - a scroll of blinking {unknown}
 t - a scroll of magic mapping {unknown}
 A - a scroll of recharging {unknown}
 B - a scroll of fear {unknown}
 F - a scroll of summoning {unknown}
 G - a scroll of amnesia {unknown}
Potions
 n - 3 potions of lignification {unknown}
 o - 2 potions of might
 p - 4 potions of curing
 q - 5 potions of mutation {!q}
 s - 4 potions of ambrosia
 z - 2 potions of flight
 D - a potion of heal wounds
 E - a potion of magic
Books
 b - a book of Flames
 M - a book of Cantrips
   (You found it on level 8 of the Dungeon)
Comestibles
 c - 7 bread rations {@e1@e1}
 f - 8 meat rations {@e2@e2}
 w - 11 royal jellies
 x - 5 fruits


   Skills:
 - Level 3.3 Fighting
 + Level 5.4 Armour
 - Level 2.4 Dodging
 - Level 2.4 Stealth
 - Level 8.0 Spellcasting
 - Level 10.9 Conjurations
 - Level 10.0 Fire Magic
 - Level 4.2 Invocations


You had 9 spell levels left.
You knew the following spells:

 Your Spells              Type           Power        Failure   Level  Hunger
a - Flame Tongue          Conj/Fire      #####        1%          1    None
b - Inner Flame           Hex/Fire       ######..     8%          3    None
c - Conjure Flame         Conj/Fire      #######.     1%          3    None
f - Fireball              Conj/Fire      #######...   8%          5    ###....
s - Sticky Flame          Conj/Fire      #######.     2%          4    None


Dungeon Overview and Level Annotations

Branches:
Dungeon (9/15)             Temple (0/1) D:4
   Lair: D:8-11         Orc: D:9-12

Altars:
Cheibriados
Fedhas
Uskayaw
Zin
The Shining One

Shops:
D:6 !


Innate Abilities, Weirdness & Mutations

You have a pair of small antennae on your head.
You can translocate small distances at will.
Your flesh is heat resistant. (rF+)
Your muscles are strong. (Str +2)


Message History

You now have 17/39 mp.
Unknown command.
The fireball explodes!
The fireball engulfs the orc.
You kill the orc!
Cheibriados appreciates the change of pace.
The fireball engulfs the orc.
You kill the orc!
Cheibriados appreciates the change of pace.
The fireball engulfs the orc wizard.
You kill the orc wizard!
Cheibriados appreciates the change of pace.
The bullfrog gives a loud, deep croak!
Unknown command.
You now have 12/39 mp.
A hornet comes into view.
Aim: a bullfrog The sticky flame hits the bullfrog.
The bullfrog is covered in liquid flames!
The hornet buzzes angrily.
The bullfrog burns!
The bullfrog completely misses you.
You now have 10/39 mp.
The bullfrog burns! x2; The bullfrog hits you.
The bullfrog closely misses you.
A bullfrog zombie comes into view.
You take 1 damage, and have 55/56 hp.
The fireball explodes!
The fireball engulfs the bullfrog.
You kill the bullfrog!
Cheibriados thoroughly appreciates the change of pace.
The fireball engulfs the hornet.
You hear a shout!
The bullfrog zombie barely misses you.
The bullfrog zombie hits you but does no damage.
Unknown command.
You now have 6/39 mp.
Unknown command.
The fireball explodes!
The fireball engulfs the bullfrog zombie.
You destroy the bullfrog zombie!
Cheibriados thoroughly appreciates the change of pace.
The fireball engulfs the hornet.
The hornet stings you.
You feel yourself slow down.
You take 1 damage, and have 54/56 hp.
You now have 1/39 mp.
Unknown command.
You feel yourself speed up. The hornet closely misses you.
The hornet misses you. The hornet stings you!
You feel yourself slow down.
You take 7 damage, and have 47/56 hp.
Unknown command.
Unknown command.
Unknown command.
Okay, then.
Wield which item (- for none, * to show all)? (? for menu, Esc to quit)
You feel your magic capacity decrease.
You hear the crackle of electricity.
H - a +2 dagger of electrocution (weapon)
The hornet misses you.
You hit the hornet. The hornet misses you. The hornet stings you.
You are poisoned.
You feel as though you will be slow longer.
The bullfrog zombie completely misses you.
The hornet stings you but does no damage.
You take 3 damage, and have 44/56 hp.
You barely miss the hornet.
You feel sick.
The bullfrog zombie hits you but does no damage.
The hornet closely misses you. The bullfrog zombie misses you.
The hornet stings you.
You suddenly lose the ability to move!
You can move again.
You take 3 damage, and have 41/56 hp.
You hit the hornet but do no damage.
You feel sick. The bullfrog zombie barely misses you.
The hornet barely misses you. The bullfrog zombie barely misses you.
The hornet stings you but does no damage.
Unknown command.
You hit the hornet but do no damage. The bullfrog zombie barely misses you.
The hornet stings you!
You are more poisoned.
You feel as though you will be slow longer.
The bullfrog zombie hits you. The hornet completely misses you.
You take 12 damage, and have 29/56 hp.
MASSIVE DAMAGE!!
Aim: a bullfrog zombie The flame tongue hits the bullfrog zombie.
You feel yourself speed up.
You feel sick.
The hornet stings you but does no damage.
The bullfrog zombie hits you. The hornet misses you.
The bullfrog zombie closely misses you.
The hornet stings you but does no damage.
You take 5 damage, and have 24/56 hp.
You now have 2/24 mp.
Aim: a hornet (severely wounded)
The flame tongue hits the hornet.
You feel sick. The bullfrog zombie hits you. The hornet barely misses you.
The bullfrog zombie hits you but does no damage.
You take 2 damage, and have 22/56 hp.
You now have 1/24 mp.
Aim: a hornet (almost dead)
The flame tongue misses the hornet.
You feel sick. The hornet stings you!
* * * LOW HITPOINT WARNING * * *
You are more poisoned.
You feel yourself slow down. The bullfrog zombie barely misses you.
The hornet stings you!
You die...

...####### #########
.........########.......##
....####................>###
....# ##...#####...........
....#####.#.# #.......###
........#.#.# #.......# ###
...####.......###.......##....
))..........#...(Z.........#
........!.......@y......####
..).........######.....##
##..........# #.#...########
###).####... #.##).........
#...####.. #.##..#######.
#.#<..# #.......†[#
#........<. #...##).#....
#####...... ..####..)#...#
###..# .. .)).......


You could see a hornet and a bullfrog zombie.

Vanquished Creatures
  2 two-headed ogres (D:8)
  The ghost of Absynth the Carver, a novice DsAK of Lugonu (D:8)
  Pikel (D:7)
  A hornet (D:8)
  Sigmund (D:3)
  2 wraiths (Ossuary)
  The ghost of alfred1011 the Sneak, an amateur HaAs (D:4)
  2 soldier ants (D:8)
  Duvessa (D:7)
  7 orc warriors
  3 ice beasts
  A phantom (D:4)
  3 slaves (D:7)
  3 ogres
  5 centaurs
  2 big kobolds
  6 bullfrogs
  Dowan (D:7)
  3 scorpions
  A howler monkey (D:8)
  6 killer bees (D:7)
  3 wights (Ossuary)
  A bullfrog zombie (D:9)
  4 hounds
  3 jellies
  2 bullfrog skeletons
  6 orc priests
  10 orc wizards
  A centaur skeleton (D:4)
  6 worker ants
  3 iguanas (D:8)
  A killer bee zombie (D:6)
  A worker ant zombie (D:5)
  10 adders
  A howler monkey skeleton (D:6)
  A shadow imp (D:8)
  An ooze (D:2)
  3 adder zombies (Ossuary)
  An adder skeleton (D:5)
  7 worms
  3 dart slugs
  3 leopard geckos
  32 orcs
  7 bats
  7 giant cockroaches
  6 hobgoblins
  11 jackals
  16 kobolds
  7 quokkas
  14 frilled lizards
  A gnoll zombie (D:5)
  9 goblins
  3 hobgoblin skeletons (Ossuary)
  2 hobgoblin zombies (Ossuary)
  2 jackal zombies (D:5)
  A leopard gecko skeleton (D:4)
  An orc zombie (Ossuary)
  A quokka skeleton (D:4)
  11 rats
255 creatures vanquished.

Notes
Turn   | Place    | Note
-------+----------+-------------------------------------------
     0 | D:1      | Gorglomux the Deep Elf Fire Elementalist began the quest for the Orb.
     0 | D:1      | Reached XP level 1. HP: 10/10 MP: 6/6
   326 | D:1      | Reached XP level 2. HP: 14/15 MP: 6/8
   478 | D:1      | Reached skill level 2 in Conjurations
  1007 | D:2      | Reached XP level 3. HP: 16/19 MP: 1/10
  1593 | D:2      | Reached skill level 4 in Fire Magic
  1795 | D:2      | Learned a level 3 spell: Conjure Flame
  1843 | D:2      | Reached skill level 3 in Conjurations
  1860 | D:2      | Gained mutation: You have a pair of small antennae on your head. [potion of mutation]
  1860 | D:2      | Gained mutation: Your muscles are strong. (Str +2) [potion of mutation]
  1860 | D:2      | Gained mutation: Your flesh is heat resistant. (rF+) [potion of mutation]
  1860 | D:2      | Gained mutation: You can translocate small distances at will. [potion of mutation]
  1871 | D:2      | Reached XP level 4. HP: 13/24 MP: 2/11
  2039 | D:2      | Reached skill level 4 in Spellcasting
  2273 | D:2      | Learned a level 4 spell: Sticky Flame
  2315 | D:3      | Found a snail-covered altar of Cheibriados.
  2326 | D:3      | Noticed Sigmund
  2332 | D:3      | Became a worshipper of Cheibriados the Contemplative
  2927 | D:3      | Killed Sigmund
  2927 | D:3      | Reached skill level 4 in Conjurations
  2927 | D:3      | Reached XP level 5. HP: 18/28 MP: 1/14
  2927 | D:3      | Reached XP level 6. HP: 20/32 MP: 1/15
  3071 | D:3      | Reached skill level 5 in Conjurations
  3194 | D:3      | Learned a level 5 spell: Fireball
  3494 | D:4      | Reached skill level 5 in Spellcasting
  3636 | D:4      | Reached skill level 5 in Fire Magic
  3716 | D:4      | Reached * piety under Cheibriados
  3864 | D:4      | Noticed alfred1011's ghost (amateur HaAs)
  3878 | D:4      | Killed alfred1011's ghost
  3878 | D:4      | Reached XP level 7. HP: 36/36 MP: 1/17
  4013 | D:4      | Reached skill level 6 in Conjurations
  4194 | D:4      | Found a staircase to the Ecumenical Temple.
  4202 | D:4      | Gorglomux: !whichgod de
  4202 | D:4      | beem: 415 recent wins: 273x Vehumet, 65x Sif Muna, 17x Ashenzari, 9x Trog, 7x Gozag, 7x Kikubaaqudgha, 6x Dithmenos, 6x Hepliaklqana, 6x Okawaru, 4x Zin, 3x Nemelex Xobeh, 2x Uskayaw, 2x Fedhas, 2x Yredelemnul, Jiyva, The Shining One, Xom, Elyvilon, Cheibriados, Makhleb
  4526 | D:5      | Entered Level 5 of the Dungeon
  4554 | D:5      | Reached skill level 6 in Spellcasting
  4555 | D:5      | Gorglomux: !apt fi
  4555 | D:5      | beem: Could not understand "fi"
  4584 | D:5      | Found a glowing silver altar of Zin.
  4800 | D:5      | Reached ** piety under Cheibriados
  4830 | D:5      | Found a sand-covered staircase.
  4850 | Ossuary  | Entered an ossuary
  5173 | Ossuary  | Noticed a wraith
  5173 | Ossuary  | Noticed a flying skull
  5179 | Ossuary  | Noticed a flying skull
  5180 | Ossuary  | Noticed a flying skull
  5207 | Ossuary  | Noticed a flying skull
  5391 | Ossuary  | Noticed a wraith
  5398 | Ossuary  | Killed a wraith
  5398 | Ossuary  | Reached skill level 7 in Conjurations
  5398 | Ossuary  | Reached skill level 6 in Fire Magic
  5398 | Ossuary  | Reached XP level 8. HP: 15/41 MP: 2/19
  5621 | Ossuary  | Noticed a flying skull
  5860 | D:5      | Found a hide-covered altar of Uskayaw.
  5860 | D:5      | Found a blossoming altar of Fedhas.
  5886 | D:5      | Reached skill level 7 in Spellcasting
  6469 | D:5      | Found a glowing golden altar of the Shining One.
  6567 | D:6      | Reached skill level 8 in Conjurations
  6568 | D:6      | Gorglomux: !lg * de god=chei
  6568 | D:6      | beem: 1486. syoil12 the Magician (L6 DESu of Cheibriados), slain by salmon's ghost on D:5 on 2017-04-26 10:49:38, with 419 points after 3586 turns and 0:29:57.
  6568 | D:6      | Gorglomux: !lg * de god=chei win
  6574 | D:6      | beem: 25. justnoob the Annihilator (L27 DECj of Cheibriados), escaped with the Orb and 15 runes on 2016-07-28 06:09:43, with 15904206 points after 99523 turns and 10:48:38.
  6710 | D:6      | Found Micso's Distillery.
  6721 | D:6      | Bought a potion of curing for 36 gold pieces
  6721 | D:6      | Bought a potion of invisibility for 96 gold pieces
  6721 | D:6      | Bought a potion of heal wounds for 60 gold pieces
  6721 | D:6      | Bought a potion of magic for 96 gold pieces
  6742 | D:6      | Gorglomux: !log * de god=chei win
  6742 | D:6      | beem: 25. justnoob, XL27 DECj, T:99523: https://webzook.net/soup/morgue/trunk/justnoob/morgue-justnoob-20160728-060943.txt
  7008 | D:6      | Reached *** piety under Cheibriados
  7008 | D:6      | Reached skill level 7 in Fire Magic
  7517 | D:6      | Reached skill level 8 in Spellcasting
  7811 | D:7      | Reached skill level 9 in Conjurations
  7817 | D:7      | Reached XP level 9. HP: 45/45 MP: 6/23
  8039 | D:7      | Reached **** piety under Cheibriados
  8201 | D:7      | Reached skill level 1 in Invocations
  8416 | D:7      | Noticed Pikel
  8422 | D:7      | Learned a level 3 spell: Inner Flame
  8435 | D:7      | Reached skill level 1 in Fighting
  8435 | D:7      | Reached skill level 8 in Fire Magic
  8447 | D:7      | Killed Pikel
  8447 | D:7      | Reached skill level 2 in Invocations
  8730 | D:7      | Reached skill level 2 in Fighting
  8904 | D:7      | Noticed Dowan
  8906 | D:7      | Noticed Duvessa
  8908 | D:7      | Killed Duvessa
  8909 | D:7      | Killed Dowan
  8909 | D:7      | Reached skill level 10 in Conjurations
  9029 | D:7      | Reached skill level 3 in Invocations
  9181 | D:8      | Reached skill level 9 in Fire Magic
  9183 | D:8      | Noticed Absynth's ghost (novice DsAK)
  9184 | D:8      | Reached ***** piety under Cheibriados
  9197 | D:8      | Noticed a two-headed ogre
  9241 | D:8      | Killed Absynth's ghost
  9241 | D:8      | Reached XP level 10. HP: 27/54 MP: 6/24
  9501 | D:8      | Killed a two-headed ogre
  9501 | D:8      | Reached skill level 3 in Fighting
  9703 | D:8      | Reached skill level 4 in Invocations
 10278 | D:8      | Noticed a two-headed ogre
 10382 | D:8      | Reached skill level 10 in Fire Magic
 10570 | D:8      | Reached skill level 1 in Armour
 10752 | D:8      | Reached skill level 2 in Armour
 10848 | D:8      | Killed a two-headed ogre
 10848 | D:8      | Reached skill level 3 in Armour
 11054 | D:8      | Reached skill level 4 in Armour
 11372 | D:9      | Reached skill level 5 in Armour
 11530 | D:9      | Paralysed by a hornet for 1 turns
 11535 | D:9      | HP: 10/56 [hornet (12)]
 11535 | D:9      | Slain by a hornet

Vault maps used:
D:1:      matt_arrival_debris
D:2:      kennysheep_six_static_rooms, first_bread
D:3:      cheibriados_altar_1, uniq_sigmund
D:4:      minmay_temple_entry_mist, hex_intersection
D:5:      kennysheep_spiral_hall, zin_academy,
          gammafunk_temple_overflow_elements, enter_ossuary_3,
          nicolae_tso_swordbearing_angel
D:6:      serial_shops, shop, portal_sewer_entry_e
D:7:      uniq_duvessa, uniq_pikel
D:8:      hangedman_pestilent_swarm
D:9:      grunt_lair_entry_orc_guard_hut
Ossuary:  ossuary_due_cavern

Skill      XL: |  1  2  3  4  5  6  7  8  9 10 |
---------------+-------------------------------+-----
Conjurations   | 2 3 4 5 7 9 10 | 10.9
Fire Magic     | 4 5 6 7 9 10 | 10.0
Spellcasting   | 4 5 6 8 |  8.0
Invocations    | 3 4 |  4.2
Fighting       | 2 3 |  3.3
Armour         | 5 |  5.4
Dodging        | |  2.4
Stealth        | |  2.4

Action                   |  1- 3 |  4- 6 |  7- 9 | 10-12 || total
-------------------------+-------+-------+-------+-------++-------
Melee: Dagger            |     7 |     4 |    27 |     4 ||    42
 Cast: Flame Tongue      |    80 |    80 |   194 |   114 ||   468
       Conjure Flame     |     1 |     7 |     7 |     5 ||    20
       Sticky Flame      |       |     2 |    22 |     6 ||    30
       Fireball          |       |       |    23 |    20 ||    43
       Inner Flame       |       |       |     2 |     5 ||     7
 Abil: Blink             |     4 |       |     4 |     1 ||     9
Evoke: Wand              |       |       |     1 |       ||     1
  Use: Potion            |     1 |       |     2 |       ||     3
       Scroll            |       |       |     9 |       ||     9
 Stab: Sleeping          |     1 |     1 |     1 |       ||     3
       Distracted        |       |     1 |       |       ||     1
       Invisible         |       |       |     2 |       ||     2
  Eat: Chunk             |     3 |     5 |    21 |     2 ||    31
       Royal jelly       |       |     1 |       |       ||     1
Armor: Robe              |     3 |     4 |    13 |     1 ||    21
       Chain mail        |       |       |       |    16 ||    16
Dodge: Dodged            |    20 |    22 |    66 |    55 ||   163

Vault maps used:
D:1:      matt_arrival_debris
D:2:      kennysheep_six_static_rooms, first_bread
D:3:      cheibriados_altar_1, uniq_sigmund
D:4:      minmay_temple_entry_mist, hex_intersection
D:5:      kennysheep_spiral_hall, zin_academy,
          gammafunk_temple_overflow_elements, enter_ossuary_3,
          nicolae_tso_swordbearing_angel
D:6:      serial_shops, shop, portal_sewer_entry_e
D:7:      uniq_duvessa, uniq_pikel
D:8:      hangedman_pestilent_swarm
D:9:      grunt_lair_entry_orc_guard_hut
Ossuary:  ossuary_due_cavern

Table legend:
 A = Turns spent in this place as a percentage of turns spent in the entire game.
 B = Non-inter-level travel turns spent in this place as a percentage of non-inter-level travel turns spent in the entire game.
 C = Inter-level travel turns spent in this place as a percentage of turns spent in this place.
 D = Turns resting spent in this place as a percentage of non-inter-level travel turns spent in this place.
 E = Turns spent auto-exploring this place as a percentage of non-inter-level travel turns spent in this place.
 F = Non-inter-level travel turns spent in this place divided by the number of levels of this place that you've seen.
                   A       B       C       D       E      F
               +-------+-------+-------+-------+-------+----------------------
         Total | 100.0 | 100.0 |   0.8 |   6.7 |  10.9 | 265.8
       Dungeon |  95.5 |  95.4 |   0.8 |   6.3 |  10.6 | 281.9
       Ossuary |   4.5 |   4.6 |   0.0 |  14.9 |  17.4 | 121.0
               +-------+-------+-------+-------+-------+----------------------

Table legend:
 A = Kills in this place as a percentage of kills in entire the game.
 B = Kills by you in this place as a percentage of kills by you in the entire game.
 C = Kills by friends in this place as a percentage of kills by friends in the entire game.
 D = Other kills in this place as a percentage of other kills in the entire game.
 E = Experience gained in this place as a percentage of experience gained in the entire game.
 F = Experience gained in this place divided by the number of levels of this place that you have seen.
                   A       B       C       D       E      F
               +-------+-------+-------+-------+-------+----------------------
         Total | 100.0 | 100.0 |  -nan |  -nan | 100.0 | 1078.4
       Dungeon |  94.4 |  94.4 |  -nan |  -nan |  94.1 | 1127.3
       Ossuary |   5.6 |   5.6 |  -nan |  -nan |   5.9 | 638.0
               +-------+-------+-------+-------+-------+----------------------
